 Dungeon Crawl Stone Soup version 0.20.1-1-g8b1a95d (webtiles) character file.

92 Knicklaso the Vandal (level 4, -14/29 HPs)
             Began as a Halfling Hunter on Aug 16, 2017.
             Killed from afar by a purple draconian annihilator (21 damage)
             ... with a bolt of lightning
             ... on level 1 of the Abyss.
             The game lasted 00:06:42 (2476 turns).

Knicklaso the Vandal (Halfling Hunter)              Turns: 2476, Time: 00:06:43

Health: -14/29     AC:  3    Str: 13    XL:     4   Next: 90%
Magic:  4/4        EV: 14    Int:  9    God:
Gold:   208        SH:  0    Dex: 15    Spells: 3/3 levels left

rFire    . . .     SeeInvis .   a - +1 hunting sling
rCold    . . .     Gourm    .   (shield restricted)
rNeg     . . .     Faith    .   c - +0 leather armour
rPois    .         Spirit   .   (no helmet)
rElec    .         Reflect  .   (no cloak)
rCorr    .         Harm     .   (no gloves)
MR       .....                  (no boots)
Stlth    ++........             (no amulet)
Regen    0.1/turn               (no ring)
MPRegen  0.1/turn               (no ring)

@: no status effects
A: mutation resistance 1
a: no special abilities


You were on level 1 of the Abyss.
You were hungry.

You visited 1 branch of the dungeon, and saw 3 of its levels.
You visited the Abyss 1 time.

You collected 208 gold pieces.

Inventory:

Hand Weapons
 a - a +1 hunting sling (weapon)
 b - a +0 short sword
Missiles
 d - 34 sling bullets
 l - 137 stones (quivered)
Armour
 c - a +0 leather armour (worn)
 g - a cursed +0 chain mail
 h - a +0 pair of gloves
Jewellery
 t - a cursed amulet of inaccuracy {unknown}
Scrolls
 e - a scroll of fog {unknown}
 k - 2 scrolls of remove curse {unknown}
 n - a scroll of magic mapping {unknown}
 o - a scroll of blinking {unknown}
 p - 3 scrolls of teleportation {unknown}
 q - 2 scrolls of recharging {unknown}
 w - a scroll of amnesia {unknown}
Potions
 i - 2 potions of cancellation {unknown}
 j - 2 potions of curing {unknown}
 r - a potion of agility {unknown}
 u - a potion of brilliance {unknown}
 v - 2 potions of heal wounds {unknown}
Comestibles
 f - 4 bread rations
 m - a meat ration


   Skills:
 - Level 1.7 Fighting
 * Level 4.7 Short Blades
 - Level 6.0 Slings
 - Level 2.1 Dodging
 - Level 1.1 Stealth


You had 3 spell levels left.
You didn't know any spells.

Dungeon Overview and Level Annotations

Branches:
Dungeon (3/15)

Altars:
Yredelemnul
The Shining One

Annotations:
D:3 Crazy Yiuf


Innate Abilities, Weirdness & Mutations

You are small and have problems with some larger weapons.
You are somewhat resistant to further mutation.


Message History

There is a gateway leading deeper into the Abyss here.
Found a scroll labeled ECEGIO FAAME.
p - 3 scrolls labeled ECEGIO FAAME (gained 1)
An efreet comes into view. It is wielding a scimitar of flaming.
The efreet moves out of view.
Found a mace.
The efreet gestures at you. The bolt of fire hits you!
Ouch! That really hurt!
* * * LOW HITPOINT WARNING * * *
A purple draconian annihilator comes into view.
It is wielding a long sword.
The purple draconian annihilator roars!
You see here a mace.
The efreet gestures at you. The bolt of fire misses you.
The purple draconian annihilator hits you but does no damage.
The purple draconian annihilator points at you and mumbles some strange words.
The bolt of lightning hits you!
Ouch! That really hurt!
You die...

#. . #. .. .# # ..#
.##. .# #.# #.. ...
#.# .. ...# #.#
.#...
###########.####..#
#.... ......q..@#
#............###.#
#.........)..# #.#
#............# #.#
#........R...# ...
### ...§##### ##.
#. .§ #.##.. .
#..§........ #...§.
#....


You could see a purple draconian annihilator.

Vanquished Creatures
  5 adders
  A worm (D:3)
  A dart slug (D:1)
  A leopard gecko (D:2)
  2 giant cockroaches
  7 goblins
  5 hobgoblins
  4 jackals (D:2)
  3 quokkas (D:2)
  3 bats
  3 frilled lizards
  2 kobolds
  6 rats
43 creatures vanquished.

Notes
Turn   | Place    | Note
-------+----------+-------------------------------------------
     0 | D:1      | Knicklaso the Halfling Hunter began the quest for the Orb.
     0 | D:1      | Reached XP level 1. HP: 14/14 MP: 1/1
   324 | D:1      | Reached skill level 1 in Short Blades
   372 | D:1      | Reached XP level 2. HP: 19/19 MP: 2/2
   442 | D:1      | Reached skill level 6 in Slings
  1291 | D:2      | Reached XP level 3. HP: 24/24 MP: 3/3
  1801 | D:2      | Reached XP level 4. HP: 23/29 MP: 4/4
  2028 | D:3      | Found a basalt altar of Yredelemnul.
  2141 | D:3      | Found a glowing golden altar of the Shining One.
  2322 | D:3      | Found a runed door.
  2326 | D:3      | Noticed Crazy Yiuf
  2331 | D:3      | Cast into level 1 of the Abyss (Crazy Yiuf)
  2363 | Abyss:1  | Noticed a small abomination
  2366 | Abyss:1  | Noticed a glowing orange brain
  2400 | Abyss:1  | Noticed a large abomination
  2448 | Abyss:1  | Noticed an efreet
  2470 | Abyss:1  | Noticed a purple draconian annihilator
  2476 | Abyss:1  | Killed from afar by a purple draconian annihilator

Skill      XL: |  1  2  3  4 |
---------------+-------------+-----
Short Blades   | 1 2 3 4 |  4.7
Slings         | 6 |  6.0
Fighting       | |  1.7
Dodging        | |  2.1
Stealth        | |  1.1

Action                   |  1- 3 |  4- 6 || total
-------------------------+-------+-------++-------
Melee: Short sword       |    47 |       ||    47
 Fire: Hunting sling     |    69 |    56 ||   125
 Stab: Sleeping          |     1 |       ||     1
  Eat: Chunk             |     1 |     3 ||     4
Armor: Leather armour    |    13 |     3 ||    16
Dodge: Dodged            |    48 |     8 ||    56
